 Dungeon Crawl Stone Soup version 0.23.1 (webtiles) character file.

Game seed: 0

356 Fang the Skirmisher (level 6, -2/60 HPs)
             Began as a Gargoyle Berserker on Mar 11, 2019.
             Was a Priest of Trog.
             Slain by an ogre
             ... wielding a +0 giant club
              (24 damage)
             ... on level 4 of the Dungeon on Mar 12, 2019.
             The game lasted 00:05:13 (2560 turns).

Fang the Skirmisher (Gargoyle Berserker)            Turns: 2560, Time: 00:05:14

Health: -2/60      AC:  6    Str: 27    XL:     6   Next: 63%
Magic:  6/6        EV: 12    Int:  8    God:    Trog [***...]
Gold:   217        SH:  0    Dex:  9    Spells: 5/5 levels left

rFire    + . .     SeeInvis .   a - +0 hand axe
rCold    x . .     Gourm    .   (no shield)
rNeg     + . .     Faith    .   b - +0 animal skin
rPois    ∞         Spirit   .   (no helmet)
rElec    +         Reflect  .   (no cloak)
rCorr    .         Harm     .   (no gloves)
MR       .....                  (no boots)
Stlth    ..........             (no amulet)
HPRegen  0.20/turn              j - ring of fire
MPRegen  0.10/turn              (no ring)

@: berserking, very quick
A: negative energy resistance 1, electricity resistance, unbreathing,
petrification resistance, rot immunity, AC +4
a: Berserk, Trog's Hand, Renounce Religion


You were on level 4 of the Dungeon.
You worshipped Trog.
Trog was most pleased with you.
You were not hungry.

You visited 1 branch of the dungeon, and saw 4 of its levels.

You collected 217 gold pieces.

Inventory:

Hand Weapons
 a - a +0 hand axe (weapon)
Armour
 b - a +0 animal skin (worn)
Jewellery
 j - a ring of fire (left hand)
Wands
 m - a wand of enslavement (1)
Scrolls
 e - 3 scrolls of remove curse {unknown}
 f - 10 scrolls of identify {unknown}
 g - 2 scrolls of enchant weapon {unknown}
 i - 2 scrolls of fear {unknown}
Potions
 h - 2 potions of heal wounds {unknown}
 k - 2 potions of resistance {unknown}
 l - 2 potions of curing {unknown}
 n - a potion of degeneration {unknown}
 o - a potion of might {unknown}
Comestibles
 c - 5 rations


   Skills:
 + Level 4.8 Fighting
 + Level 4.0 Axes
 + Level 4.1 Armour
 + Level 3.0 Dodging


You had 5 spell levels left.
You didn't know any spells.
Your spell library was empty.

Dungeon Overview and Level Annotations

Branches:
Dungeon (4/15)
 Temple: D:4-7

Altars:

Shops:
D:4 *(


Innate Abilities, Weirdness & Mutations

You are resistant to torment.
Your stone body is resilient. (AC +4)
You are immune to poison.
You resist negative energy. (rN+)
You are resistant to electric shocks. (rElec)
You can survive without breathing.
You are immune to petrification.
You are immune to rotting.


Message History

You are too injured to fight recklessly!
You are too injured to fight recklessly!
You are too injured to fight recklessly!
You are too injured to fight recklessly!
You are too injured to fight recklessly!
A red film seems to cover your vision as you go berserk!
You feel yourself moving faster!
You feel mighty!
You are starving!
The orc shouts!
The orc wizard gestures wildly while chanting.
The orc wizard blinks!
The leopard gecko skeleton bites you but does no damage.
The bullfrog skeleton barely misses you.
The ogre closely misses you.
You eat one of the 6 rations.
That ration really hit the spot!
You feel a strong urge to attack something.
The leopard gecko skeleton bites you. The bullfrog skeleton hits you.
A leopard gecko skeleton comes into view.
The ogre hits you with a +0 giant club!!
You die...

.# ##.# ##..##........
#...#....#.#.#
######............Z ####
.............#.#.#
#..##########.......^o..
........................
....).#####.....ZOo.....
................@Z......
##....#...##...$........
...|.......#...........#
.##.......#####........#
.##......## ##.......#
........... .........
........... #...#...#
###.## #...#.... .#


You could see an ogre, 2 orcs, 2 leopard gecko skeletons and a bullfrog
skeleton.

Vanquished Creatures
  An ogre (D:4)
  Jessica (D:3)
  Ijyb (D:3)
  3 worker ants (D:4)
  Terence (D:3)
  3 adders
  2 oozes
  An adder skeleton (D:4)
  4 worms
  3 leopard geckos
  3 orcs (D:3)
  A ball python (D:2)
  7 bats
  5 giant cockroaches
  7 hobgoblins
  4 jackals (D:1)
  5 kobolds
  2 quokkas
  6 frilled lizards
  7 goblins
  7 rats
74 creatures vanquished.

Notes
Turn   | Place    | Note
-------+----------+-------------------------------------------
     0 | D:1      | Fang the Gargoyle Berserker began the quest for the Orb.
     0 | D:1      | Reached XP level 1. HP: 14/14 MP: 1/1
    72 | D:1      | Reached XP level 2. HP: 16/19 MP: 2/2
   422 | D:1      | Reached XP level 3. HP: 23/23 MP: 3/3
   687 | D:2      | Reached ** piety under Trog
   938 | D:2      | Reached XP level 4. HP: 25/29 MP: 4/4
  1201 | D:3      | Noticed Terence
  1210 | D:3      | Killed Terence
  1623 | D:3      | Reached XP level 5. HP: 19/33 MP: 5/5
  1682 | D:3      | Noticed Jessica
  1688 | D:3      | Killed Jessica
  1708 | D:3      | Noticed Ijyb
  1726 | D:3      | Killed Ijyb
  1995 | D:3      | Reached *** piety under Trog
  2068 | D:4      | Found Cerr's Weapon Emporium.
  2108 | D:4      | Found Zuqoal's Assorted Antiques.
  2166 | D:4      | Reached XP level 6. HP: 28/39 MP: 6/6
  2560 | D:4      | Slain by an ogre

Skill      XL: |  1  2  3  4  5  6 |
---------------+-------------------+-----
Axes           | 3 4 |  4.0
Dodging        | 2 3 |  3.0
Armour         | 3 4 |  4.1
Fighting       | 4 |  4.8

Action                   |  1- 3 |  4- 6 || total
-------------------------+-------+-------++-------
Melee: Hand axe          |   124 |   153 ||   277
Invok: Berserk           |       |     3 ||     3
  Eat: Chunk             |       |     6 ||     6
       Ration            |       |     1 ||     1
Armor: Animal skin       |    41 |    59 ||   100
Dodge: Dodged            |   105 |   101 ||   206
